 Dungeon Crawl Stone Soup version 0.31-a0-771-g505c3d19dc (webtiles) character file.

Game seed: 3494436492446672000

28 Psyclone the Stinger (level 3, 0/21 HPs)
             Began as an Octopode Venom Mage on Sept 16, 2023.
             Slain by an adder (3 damage)
             ... on level 2 of the Dungeon.
             The game lasted 00:03:36 (1090 turns).

Psyclone the Stinger (Octopode Venom Mage)          Turns: 1090, Time: 00:03:36

Health: 0/21       AC:  1    Str:  4 (7)  XL:     3   Next: 14%
Magic:  0/6        EV: 13    Int: 18 (19) God:
Gold:   40         SH:  0    Dex: 10 (12) Spells: 3/6 levels left

rFire   . . .        (no weapon)
rCold   . . .        (no shield)
rNeg    . . .        (helmet restricted)
rPois   +            (no amulet)
rElec   .            d - ring of flight
rCorr   .            e - ring of poison resistance
SInv    .            (no ring)
Will    .....        (no ring)
Stlth   +++          (no ring)
HPRegen 0.23/turn    (no ring)
MPRegen 0.10/turn    (no ring)
                     (no ring)

%: no passive effects
@: flying
A: almost no armour, amphibious, 8 rings, camouflage 1, gelatinous body 1,
(nimble swimmer 1), tentacles
a: no special abilities


You were on level 2 of the Dungeon.
You visited 1 branch of the dungeon, and saw 2 of its levels.

You collected 40 gold pieces.

Inventory:

Jewellery
 d - a ring of flight (left tentacle)
 e - a ring of poison resistance (right tentacle)
 o - an amulet of faith
Scrolls
 b - a scroll of identify {@r1}
Potions
 a - a potion of magic
 c - 3 potions of heal wounds
 h - a potion of curing


   Skills:
 - Level 2.0 Dodging
 - Level 2.6 Stealth
 - Level 2.0 Spellcasting
 - Level 1.0 Transmutations
 + Level 5.1 Poison Magic


You had 3 spell levels left.
You knew the following spells:

 Your Spells              Type           Power      Damage    Failure   Level
a - Poisonous Vapours     Pois/Air       22%        N/A       10%         2
b - Sting                 Tmut/Pois      48%        1d5       5%          1

Your spell library contained the following spells:

 Spells                   Type           Power      Damage    Failure   Level
 Mephitic Cloud           Conj/Pois/Air  7%         N/A       26%         3
 Olgreb's Toxic Radiance  Pois           20%        N/A       22%         4


Dungeon Overview and Level Annotations

Branches:
Dungeon (2/15) Zot: 10910

Altars:

Shops:
D:1 =   D:2 *


Innate Abilities, Weirdness & Mutations

You cannot wear most types of armour.
You are amphibious.
You can wear up to eight rings at the same time.
Your skin changes colour to match your surroundings (Stealth+).
Your rubbery body absorbs attacks. (AC +1, EV +1)
((You are camouflaged when in or above water. (Stealth+)))
You have tentacles for arms and can constrict up to eight enemies at once.


Message History

You take 3 damage, and have 18/21 hp.
You now have 0/6 mp.
You tentacle-slap the adder but do no damage.
Your grab misses the adder.
The adder is moderately wounded.
The adder barely misses you.
You miss the adder. You grab the adder.
The adder is moderately wounded.
You constrict the adder, but do no damage.
The adder bites you. x2
You take 6 damage, and have 12/21 hp.
MASSIVE DAMAGE!!
You tentacle-slap the adder but do no damage.
The adder is moderately wounded.
You constrict the adder, but do no damage.
The adder bites you.
You take 2 damage, and have 10/21 hp.
You tentacle-slap the adder but do no damage.
The adder is moderately wounded.
You constrict the adder. The adder barely misses you.
You release your grip on the adder.
The adder bites you. The adder attacks as it pursues you!
The adder completely misses you. The adder bites you.
You take 3 damage, and have 7/21 hp.
Casting: Poisonous Vapours (safe; 10% risk of failure)
Confirm with . or Enter, or press ? or * to list all spells.
You don't have enough magic to cast this spell.
Unknown command.
Casting: Poisonous Vapours (safe; 10% risk of failure)
Confirm with . or Enter, or press ? or * to list all spells.
Aiming: Sting (safe; 5% risk of failure)
Press: ? - help, Shift-Dir - straight line, f/p - adder
Aim: an adder (heavily wounded, poisoned, 53% to hit)
The sting misses the adder.
The adder closely misses you.
You now have 0/6 mp.
You tentacle-slap the adder. Your grab misses the adder.
Your squeeze misses the adder.
The adder is severely wounded.
The adder bites you.
* * * LOW HITPOINT WARNING * * *
The adder bites you.
You die...

##############
#....@S......#
#.##########.#
#.# .# #.# .#
#.# .#
#######.#######
.#
..............#
.#
#.#####.#####.##
.# #.# ##...## #


You could see an adder (poisoned).

Vanquished Creatures
  An adder (D:2)
  2 ball pythons (D:1)
  A bat (D:1)
  3 endoplasms
  A giant cockroach (D:2)
  2 hobgoblins (D:1)
  2 quokkas
  A frilled lizard (D:1)
  A kobold (D:1)
  4 rats
18 creatures vanquished.

Notes
Turn   | Place    | Note
-------+----------+-------------------------------------------
     0 | D:1      | Psyclone the Octopode Venom Mage began the quest for the
                  | Orb.
     0 | D:1      | Reached XP level 1. HP: 11/11 MP: 3/3
   122 | D:1      | Reached skill level 4 in Poison Magic
   164 | D:1      | Found Typerch's Jewellery Boutique.
   292 | D:1      | Reached XP level 2. HP: 17/17 MP: 1/5
   788 | D:2      | Learned a level 2 spell: Poisonous Vapours
   894 | D:2      | Found Giliw's General Store.
  1006 | D:2      | Reached skill level 5 in Poison Magic
  1006 | D:2      | Reached XP level 3. HP: 21/21 MP: 2/6
  1090 | D:2      | Slain by an adder

Illustrated notes

Levels and vault maps discovered:
D:1:      giann_bridges, layout_loops_cross, serial_shops,
          nicolae_shop_gibbet_a_chance
D:2:      layout_loops_ring, serial_shops, shop, corexii_corridor_pit,
          uniq_crazy_yiuf_cottage

Skill      XL: |  1  2 |
---------------+-------+-----
Poison Magic   | 4 5 |  5.1
Dodging        | |  2.0
Stealth        | |  2.6
Spellcasting   | |  2.0
Transmutations | |  1.0

Action                     || total
---------------------------++-------
  Melee: Unarmed           ||    18
         Tentacles         ||     3
         Constrict         ||     4
   Cast: Sting             ||    24
         Poisonous Vapours ||     7
    Use: Scroll            ||     6
         Potion            ||     4
   Stab: Sleeping          ||     2
 Armour: Skin              ||    14
  Dodge: Dodged            ||    28

Table legend: (Time is in decaauts)
 A = Elapsed time spent in this place.
 B = Non-inter-level travel time spent in this place.
 C = Inter-level travel time spent in this place.
 D = Time resting spent in this place.
 E = Time spent auto-exploring this place.
 F = Levels seen in this place.
 G = Mean time per level.
                   A        B        C        D        E       F      G
               +--------+--------+--------+--------+--------+-----+--------+
         Total |   1088 |   1078 |     10 |     16 |    823 |   2 |  544.0 |
       Dungeon |   1088 |   1078 |     10 |     16 |    823 |   2 |  544.0 |
               +--------+--------+--------+--------+--------+-----+--------+

Top non-repeatable levels by time:
     D:1: 774 daAuts
     D:2: 314 daAuts
